 Dungeon Crawl Stone Soup version 0.28-a0-1087-gf3fc490d9d (webtiles) character file.

Game seed: 1108115887307936736

109 fragbeetle the Insei (level 4, 0/33 HPs)
             Began as a Merfolk Transmuter on Dec 10, 2021.
             Slain by a kobold (2 damage)
             ... on level 3 of the Dungeon.
             The game lasted 00:07:10 (3220 turns).

fragbeetle the Insei (Merfolk Transmuter)           Turns: 3220, Time: 00:07:10

Health: 0/33       AC:  2    Str: 12    XL:     4   Next: 90%
Magic:  8/8        EV: 13    Int: 12    God:
Gold:   149        SH:  0    Dex: 14    Spells: 4/8 levels left

rFire   . . .      SeeInvis .     - Unarmed
rCold   . . .      Faith    .   (no shield)
rNeg    . . .      Spirit   .   a - +0 robe
rPois   .          Reflect  .   (no helmet)
rElec   .          Harm     .   (no cloak)
rCorr   .          Rampage  .   (no gloves)
Will    .....                   (no boots)
Stlth   +.........              (no amulet)
HPRegen 0.11/turn               (no ring)
MPRegen 0.11/turn               (no ring)

@: no status effects
A: (nimble swimmer 2), mertail
a: no special abilities


You were on level 3 of the Dungeon.
You visited 1 branch of the dungeon, and saw 3 of its levels.

You collected 149 gold pieces.

Inventory:

Armour
 a - a +0 robe (worn)
Magical Staves
 d - a staff of cold
 f - a staff of death
Scrolls
 c - a scroll of magic mapping {unknown}
 e - a scroll of blinking {unknown}
 i - 2 scrolls of identify
 k - a scroll of noise {unknown}
 l - a scroll of torment {unknown}
 m - a scroll of vulnerability {unknown}
 n - a scroll of immolation {unknown}
 o - a scroll of teleportation {unknown}
Potions
 b - a potion of curing
 g - 2 potions of might {unknown}
 h - a potion of lignification {unknown}
 j - 2 potions of mutation {unknown}


   Skills:
 * Level 2.1 Fighting
 * Level 3.4 Dodging
 + Level 4.0 Unarmed Combat
 + Level 2.7 Spellcasting
 * Level 3.9 Transmutations


You had 4 spell levels left.
You knew the following spells:

 Your Spells              Type           Power      Damage    Failure   Level
a - Beastly Appendage     Tmut           22%        N/A       4%          1
b - Spider Form           Tmut/Pois      6%         N/A       32%         3

Your spell library contained the following spells:

 Spells                   Type           Power      Damage    Failure   Level
 Wereblood                Tmut           11%        N/A       8%          2
 Sublimation of Blood     Necr           1%         N/A       36%         2
 Summon Guardian Golem    Hex/Summ       1%         N/A       58%         3
 Ice Form                 Ice/Tmut       6%         N/A       73%         4
 Orb of Destruction       Conj           0%         N/A       100%        7
 Spellforged Servitor     Conj/Summ      0%         N/A       100%        7
 Summon Hydra             Summ           0%         N/A       100%        7


Dungeon Overview and Level Annotations

Branches:
Dungeon (3/15)

Altars:

Annotations:
D:2 Terence


Innate Abilities, Weirdness & Mutations

((You are quick and stealthy near water. (Stealth+, EV+, Speed+++)))
Your lower body shifts to a powerful aquatic tail in water.


Message History

You kill the kobold!
The kobold throws a stone.
The stone barely misses you. The kobold completely misses you.
You barely miss the kobold.
The kobold throws a stone.
The stone barely misses you. The kobold hits you with a +0 whip.
The kobold closely misses you.
The kobold throws a stone.
The stone barely misses you.
The stone closely misses the kobold.
The kobold throws a poisoned dart.
The poisoned dart hits you!
You are poisoned.
The kobold closely misses you.
You closely miss the kobold.
You feel very sick. The kobold misses you. The kobold closely misses you.
You hit the kobold.
The kobold is heavily wounded.
You feel sick. The kobold hits you with a +0 whip. x2
The kobold hits you with a +0 short sword.
You hit the kobold.
The kobold is severely wounded.
Your horns disappear.
You feel sick. The kobold hits you with a +0 whip.
The kobold hits you but does no damage. The kobold barely misses you.
The kobold hits you with a +0 whip.
As you read the scroll labelled BIZXON OQISOFRA, it crumbles to dust.
It is a scroll of identify.
b - 2 potions of curing You feel sick.
The kobold misses you. The kobold hits you with a +0 whip.
* * * LOW HITPOINT WARNING * * *
The kobold closely misses you. The kobold barely misses you.
You feel better. The kobold hits you with a +0 whip.
* * * LOW HITPOINT WARNING * * *
The kobold hits you with a +0 whip.
* * * LOW HITPOINT WARNING * * *
The kobold hits you with a +0 short sword.
* * * LOW HITPOINT WARNING * * *
The kobold hits you with a +0 whip.
* * * LOW HITPOINT WARNING * * *
You closely miss the kobold. The kobold hits you with a +0 whip.
You die...

#....K..##......#
....... #.###..####
..... #.# #.....####
#...# #.###.........
##'''####.....##.)...<
#..K...####.####..####
###.##K# #.# #..# #
#)##K# #.# #..# #
#KK@K# #.# #..# #
##K######.####..####
#.#......##........
#†#.#######.#..####
#.#.#### #.#......
#......# #.##.####
###.##.####.##.# #
#.........##.####
####.............


You could see 6 kobolds.

Vanquished Creatures
  5 adders
  An adder zombie (D:2)
  A dart slug (D:1)
  An orc (D:3)
  9 ball pythons
  A bat skeleton (D:2)
  5 endoplasms
  2 giant cockroaches (D:1)
  3 goblins
  A hobgoblin (D:2)
  2 jackals (D:3)
  8 kobolds
  2 quokkas (D:1)
  A ball python zombie (D:2)
  8 bats
  3 frilled lizards
  A quokka skeleton (D:2)
  4 rats (D:1)
58 creatures vanquished.

Vanquished Creatures (others)
  5 toadstools (D:3)
  A withered plant (D:2)
6 creatures vanquished.

Grand Total: 64 creatures vanquished

Notes
Turn   | Place    | Note
-------+----------+-------------------------------------------
     0 | D:1      | fragbeetle the Merfolk Transmuter began the quest for the
                  | Orb.
     0 | D:1      | Reached XP level 1. HP: 15/15 MP: 3/3
   184 | D:1      | Reached XP level 2. HP: 12/21 MP: 3/5
   717 | D:1      | Reached XP level 3. HP: 24/26 MP: 4/6
   968 | D:1      | Found a faded altar of an unknown god.
  1404 | D:2      | Noticed Terence
  1663 | D:3      | Learned a level 3 spell: Spider Form
  1933 | D:2      | Reached XP level 4. HP: 30/33 MP: 5/7
  2921 | D:3      | Reached skill level 4 in Unarmed Combat
  3219 | D:3      | HP: 1/33 [kobold (4)]
  3220 | D:3      | Slain by a kobold

Illustrated notes

Levels and vault maps discovered:
D:1:      lightli_molten_gateway, layout_basic,
          chequers_ecumenical_altar_simple, minmay_misc_feat_secret_circle,
          minmay_domino_2
D:2:      layout_basic, serial_undead, serial_undead_c, serial_undead_a,
          serial_undead_b, serial_undead_a, uniq_terence
D:3:      cheibrodos_fertilizer, layout_loops_ring

Skill      XL: |  1  2  3  4 |
---------------+-------------+-----
Transmutations | 3 |  3.9
Dodging        | 3 |  3.4
Fighting       | 2 |  2.1
Unarmed Combat | 4 |  4.0
Spellcasting   | |  2.7

Action                   |  1- 3 |  4- 6 || total
-------------------------+-------+-------++-------
Melee: Unarmed           |   136 |    67 ||   203
       Headbutt          |    17 |    13 ||    30
       Punch             |     1 |       ||     1
 Cast: Beastly Appendage |    31 |    13 ||    44
  Use: Scroll            |       |     1 ||     1
       Potion            |       |     1 ||     1
 Stab: Sleeping          |     1 |       ||     1
Armor: Robe              |    24 |    15 ||    39
Dodge: Dodged            |    96 |    53 ||   149

Table legend: (Time is in decaauts)
 A = Elapsed time spent in this place.
 B = Non-inter-level travel time spent in this place.
 C = Inter-level travel time spent in this place.
 D = Time resting spent in this place.
 E = Time spent auto-exploring this place.
 F = Levels seen in this place.
 G = Mean time per level.
                   A        B        C        D        E       F      G
               +--------+--------+--------+--------+--------+-----+--------+
         Total |   3206 |   3206 |      0 |    802 |   1667 |   3 | 1068.7 |
       Dungeon |   3206 |   3206 |      0 |    802 |   1667 |   3 | 1068.7 |
               +--------+--------+--------+--------+--------+-----+--------+

Top non-repeatable levels by time:
     D:1: 1365 daAuts
     D:3: 1121 daAuts
     D:2: 719 daAuts
